 Dungeon Crawl Stone Soup version 0.31.0-32-g396128a36d (webtiles) character file.

Game seed: 1457790626211975198

332 NikiYani the Magician (level 6, 0/32 HPs)
             Began as a Deep Elf Hedge Wizard on Apr 13, 2024.
             Was an Initiate of Sif Muna.
             Slain by a scorpion (5 damage)
             ... on level 5 of the Dungeon.
             The game lasted 00:11:46 (4790 turns).

NikiYani the Magician (Deep Elf Hedge Wizard)       Turns: 4790, Time: 00:11:47

Health: 0/32       AC:  6    Str:  7    XL:     6   Next: 26%
Magic:  18/25      EV: 14    Int: 21    God:    Sif Muna [......]
Gold:   212        SH:  0    Dex: 20    Spells: 10/16 levels left

rFire   . . .        a - +0 dagger
rCold   . . .        u - orb {light}
rNeg    . . .        b - +1 robe
rPois   .            c - +0 hat
rElec   .            q - +1 cloak
rCorr   .            (no gloves)
SInv    .            s - +0 pair of boots
Will    .....        A - amulet of magic regeneration
Stlth   +            n - +6 ring of dexterity
HPRegen 0.25/turn    v - ring of magical power
MPRegen 0.59/turn

%: no passive effects
@: lethally poisoned (0 -> -4), glowing
A: no striking features
a: Renounce Religion


You were on level 5 of the Dungeon.
You worshipped Sif Muna.
Sif Muna was noncommittal.
You visited 1 branch of the dungeon, and saw 5 of its levels.

You collected 212 gold pieces.

Inventory:

Hand Weapons
 a - a +0 dagger (weapon)
Missiles
 e - a throwing net
Armour
 b - a +1 robe (worn)
 c - a +0 hat (worn)
 q - a +1 cloak (worn)
 s - a +0 pair of boots (worn)
 u - an orb of light (worn)
Jewellery
 l - an amulet of regeneration
 n - a +6 ring of dexterity (left hand)
 v - a ring of magical power (right hand)
 A - an amulet of magic regeneration (around neck)
Scrolls
 g - a scroll of immolation {unknown}
 j - 9 scrolls of identify {unknown}
 k - a scroll of summoning {unknown}
 p - a scroll of vulnerability {unknown}
 t - a scroll of revelation {unknown}
 x - a scroll of enchant armour
 y - 2 scrolls of teleportation {unknown}
 B - a scroll of fog {unknown}
 C - a scroll of poison {unknown}
 D - a scroll of amnesia {unknown}
Potions
 d - 2 potions of magic
 f - a potion of attraction {unknown}
 h - a potion of lignification {unknown}
 i - 4 potions of curing {unknown}
 m - a potion of heal wounds {unknown}
 o - a potion of degeneration {unknown}
 r - a potion of cancellation {unknown}
 w - 2 potions of resistance {unknown}
 z - 2 potions of invisibility {unknown}
 E - a potion of brilliance {unknown}
 F - a potion of berserk rage {unknown}


   Skills:
 + Level 4.0 Dodging
 - Level 3.0 Stealth
 + Level 5.7 Spellcasting
 + Level 3.1 Conjurations
 + Level 3.1 Summonings
 + Level 3.1 Translocations


You had 10 spell levels left.
You knew the following spells:

 Your Spells              Type           Power      Damage    Failure   Level
a - Magic Dart            Conj           76%        1d6       2%          1
b - Call Imp              Summ           38%        N/A       4%          2
c - Summon Ice Beast      Ice/Summ       12%        N/A       16%         3

Your spell library contained the following spells:

 Spells                   Type           Power      Damage    Failure   Level
 Blink                    Tloc           38%        N/A       4%          2
 Slow                     Hex            24%        N/A       10%         1
 Cigotuvi's Dreadful Rot  Necr/Alch/Air  12%        N/A       16%         2
 Mephitic Cloud           Conj/Alch/Air  10%        N/A       21%         3
 Summon Mana Viper        Hex/Summ       12%        N/A       82%         5
 Monstrous Menagerie      Summ           9%         N/A       100%        7


Dungeon Overview and Level Annotations

Branches:
Dungeon (5/15)
 Temple: D:4-7

Altars:
Dithmenos
Fedhas
Gozag
Sif Muna
Yredelemnul

Shops:
D:2 [

Annotations:
D:5 Eustachio


Message History

The scorpion is severely wounded.
You feel sick. The scorpion closely misses you.
Aiming: Magic Dart (safe; 2% risk of failure)
Press: ? - help, Q - select action, (/) - cycle Shift-Dir - straight line, f/p - scorpion
Aim: a scorpion (severely wounded, haloed, 100% to hit)
The magic dart hits the scorpion.
The scorpion is severely wounded.
You feel sick. The scorpion closely misses you.
Aiming: Magic Dart (safe; 2% risk of failure)
Press: ? - help, Q - select action, (/) - cycle Shift-Dir - straight line, f/p - scorpion
Aim: a scorpion (severely wounded, haloed, 100% to hit)
The magic dart hits the scorpion but does no damage.
The scorpion is severely wounded.
You feel sick.
You are no longer poisoned.
The scorpion stings you.
You are poisoned.
The scorpion poisons you!
Aiming: Magic Dart (safe; 2% risk of failure)
Press: ? - help, Q - select action, (/) - cycle Shift-Dir - straight line, f/p - scorpion
Aim: a scorpion (severely wounded, haloed, 100% to hit)
The magic dart hits the scorpion but does no damage.
The scorpion is severely wounded.
You feel very sick. The scorpion closely misses you. x2
Aiming: Magic Dart (safe; 2% risk of failure)
Press: ? - help, Q - select action, (/) - cycle Shift-Dir - straight line, f/p - scorpion
Aim: a scorpion (severely wounded, haloed, 100% to hit)
The magic dart hits the scorpion.
The scorpion is severely wounded.
You feel sick. The scorpion stings you.
* * * LOW HITPOINT WARNING * * *
Aiming: Magic Dart (safe; 2% risk of failure)
Press: ? - help, Q - select action, (/) - cycle Shift-Dir - straight line, f/p - scorpion
Aim: a scorpion (severely wounded, haloed, 100% to hit)
The magic dart hits the scorpion but does no damage.
The scorpion is severely wounded.
* * * LOW HITPOINT WARNING * * *
You feel sick. The scorpion stings you.
You die...

. # ###.#....# ..###
....##...####....##
##.........<.......
##...............###
#.......[........#
#......)..>....###
#.......s......#
#.....@...#####
##...#...## ###
#####


You could see a scorpion.

Vanquished Creatures
  An ogre (D:4)
  A howler monkey (D:5)
  2 orc wizards
  6 adders
  A dart slug (D:1)
  4 orcs
  7 ball pythons
  5 endoplasms
  A giant cockroach (D:1)
  6 goblins
  4 hobgoblins
  4 jackals (D:5)
  6 kobolds
  2 quokkas
  A bat (D:3)
  2 frilled lizards (D:1)
  4 rats
57 creatures vanquished.

Vanquished Creatures (collateral kills)
  An orc priest (D:5)
  2 orcs (D:3)
  A bat (D:3)
  3 endoplasms (D:3)
  A hobgoblin (D:2)
  3 ball pythons
11 creatures vanquished.

Grand Total: 68 creatures vanquished

Notes
Turn   | Place    | Note
-------+----------+-------------------------------------------
     0 | D:1      | NikiYani the Deep Elf Hedge Wizard began the quest for the
                  | Orb.
     0 | D:1      | Reached XP level 1. HP: 10/10 MP: 7/7
   336 | D:1      | Reached XP level 2. HP: 15/15 MP: 6/9
  1462 | D:2      | You fall into a shaft and drop 1 floor!
  1462 | D:3      | Found a shadowy altar of Dithmenos.
  1600 | D:2      | Reached XP level 3. HP: 19/19 MP: 6/11
  1949 | D:2      | Learned a level 2 spell: Call Imp
  2006 | D:2      | Found Jefow's Antique Armour Boutique.
  2737 | D:3      | Reached XP level 4. HP: 24/24 MP: 9/12
  2963 | D:3      | Reached skill level 5 in Spellcasting
  3871 | D:4      | Noticed an ogre
  3879 | D:4      | Killed an ogre
  3880 | D:4      | Reached XP level 5. HP: 28/28 MP: 14/14
  4029 | D:4      | Found a blossoming altar of Fedhas.
  4089 | D:4      | Found a shimmering blue altar of Sif Muna.
  4095 | D:4      | Became a worshipper of Sif Muna the Loreminder
  4148 | D:4      | Found a basalt altar of Yredelemnul.
  4151 | D:4      | Found an opulent altar of Gozag.
  4268 | D:4      | Learned a level 3 spell: Summon Ice Beast
  4272 | D:5      | Entered Level 5 of the Dungeon
  4545 | D:5      | Reached XP level 6. HP: 26/32 MP: 16/16
  4552 | D:5      | Noticed Eustachio
  4790 | D:5      | Slain by a scorpion

Illustrated notes

Levels and vault maps discovered:
D:1:      tarquinn_simple_flora_water_f, layout_basic
D:2:      layout_loops_ring, serial_shops, nicolae_shop_statue_plus
D:3:      layout_rooms, mainiacjoe_overflow_tiny_flanked, minmay_three_crescents
D:4:      layout_rooms, general_overflow_altar, led_sif_pool,
          nicolae_overflow_squiral, dreamdust_princess_corridor
D:5:      layout_rooms, gammafunk_ghost_abyssal_escape, uniq_eustachio,
          uniq_duvessa

Skill      XL: |  1  2  3  4  5  6 |
---------------+-------------------+-----
Stealth        | 3 |  3.0
Translocations | 2 3 |  3.1
Dodging        | 3 4 |  4.0
Conjurations   | 2 3 |  3.1
Summonings     | 2 3 |  3.1
Spellcasting   | 5 |  5.7

Action                     |  1- 3 |  4- 6 || total
---------------------------+-------+-------++-------
  Melee: Dagger            |     6 |     8 ||    14
  Throw: Throwing net      |     1 |       ||     1
   Cast: Magic Dart        |    91 |    90 ||   181
         Call Imp          |     4 |     5 ||     9
         Summon Ice Beast  |       |     1 ||     1
    Use: Scroll            |       |     1 ||     1
 Armour: Robe              |    16 |    25 ||    41
  Dodge: Dodged            |    24 |    39 ||    63
